 Dungeon Sprint DCSS version 0.22.1-57-g7394efd48c (webtiles) character file.

21900000 Jannitor the Conqueror (level 27, -75/246 (249) HPs)
             Began as a Demonspawn Warper on Mar 22, 2019.
             Was the Champion of Makhleb.
             Annihilated by a fleshlord
             ... wielding a +9 great mace
              (252 damage)
             ... in the Dungeon (Sprint VIII: "Arena of Blood").
             The game lasted 00:09:00 (219 turns).

Jannitor the Conqueror (Demonspawn Warper)           Turns: 219, Time: 00:09:00

HP:   -75/246 (249) AC:  6    Str: 14    XL:     27
MP:   54/54         EV: 37    Int: 16    God:    Makhleb [******]
Gold: 0             SH:  0    Dex: 28    Spells: 80/80 levels left

rFire    + . .     SeeInvis +   c - +∞ Axe of Woe
rCold    . . .     Gourm    .   (shield currently unavailable)
rNeg     . . .     Faith    .   b - +0 leather armour
rPois    .         Spirit   .   (helmet unavailable)
rElec    .         Reflect  .   (no cloak)
rCorr    .         Harm     .   (no gloves)
MR       ++...     NoTele   +   (no boots)
Stlth    ++++++++++             (no amulet)
HPRegen  0.51/turn              m - ring of protection from fire
MPRegen  0.34/turn              (no ring)

@: very slightly contaminated, hasted and slowed, drained
A: antennae 3, thin skeletal structure 3, nightstalker 3, spiny 3, augmentation
3
a: Minor Destruction, Lesser Servant of Makhleb, Major Destruction, Greater
Servant of Makhleb, Renounce Religion


You were in the Dungeon.
You worshipped Makhleb.
Makhleb was exalted by your worship.
You were not hungry.

You visited 1 branch

Inventory:

Hand Weapons
 a - a +0 hand axe
 c - the +∞ Axe of Woe (weapon)
   (You found it in the Dungeon)
Missiles
 e - 5 tomahawks of dispersal (quivered)
Armour
 b - a +0 leather armour (worn)
Jewellery
 l - a +30 ring of slaying
 m - a ring of protection from fire (left hand)
Scrolls
 d - a scroll of blinking
Potions
 h - a potion of heal wounds
 j - 2 potions of magic
 k - a potion of berserk rage
Comestibles
 f - a ration


   Skills:
 O Level 27(25.5) Fighting
 O Level 27(25.5) Axes
 O Level 27(25.5) Throwing
 O Level 27(25.5) Armour
 O Level 27(25.5) Dodging
 O Level 27(25.5) Stealth
 O Level 27(25.5) Unarmed Combat
 O Level 27(25.5) Spellcasting
   Level 2.6(1.8) Translocations
 O Level 27(25.5) Invocations


You had 80 spell levels left.
You didn't know any spells.
Your spell library contained the following spells:

 Spells                   Type           Power        Failure   Level  Hunger
 Blink                    Tloc           N/A          1%          2    None
 Shroud of Golubria       Chrm/Tloc      ###.......   2%          2    None
 Gell's Gravitas          Tloc           ####......   2%          3    None
 Lesser Beckoning         Tloc           ####......   2%          3    None
 Teleport Other           Tloc           ####....     2%          3    None
 Passage of Golubria      Tloc           N/A          10%         4    None


Dungeon Overview and Level Annotations

Branches:
Dungeon (1/1)

Altars:
Makhleb

Annotations:
D The Servant


Innate Abilities, Weirdness & Mutations

You have a pair of large antennae on your head. (SInv)
You have an unnaturally thin skeletal structure. (Dex +6, Stealth++)
You are completely attuned to the shadows.
You are completely covered in sharp spines.
Your magical and physical power is greatly enhanced at high health.


Message History

You barely resist.
The wretched soul breathes negative energy at you.
The bolt of negative energy hits you!
You feel drained.
You hear a shout!
The fleshlord points at you and mumbles some strange words.
The wretched soul seems to slow down.
You hear an angry hiss.
Unknown command.
You aren't carrying any items that you can evoke.
Unknown command.
Unknown command.
You hear a shout! x3
The wretched soul breathes negative energy at you.
The bolt of negative energy misses you.
You hear a shout!
The fleshlord casts a spell.
The fleshlord seems to speed up.
The fleshlord hits you with a +9 great mace!!!!!
Ouch! That really hurt!
You die...

....{.#..)).)){#{{{{{{.#
))....{.)#)X.%.#{{{....#
.).{.)#){.x..###)).{...###.
.#.)))..X)§{§{{){)###......
.##).%...)#XSxx)p)._......
.%#{†...#)§§W@)W#.....#..
.))###.)o))))%)X#_%<._#
§)##....#)).))))#.....#
§#........#...))@.._......
§#............†§pW###......
%..{......D..###p§.. ..###.
.o.{....{... { #§pWOo..# {{
{{{ { #WOo.. .# { {
{{{{{.{{ .. {{


{{{{{{{{ { {{{{{{{{{ You could see The Servant, a scourge, 3 fleshlords, 2 large
bags of meat, a large abomination, 4 wretched souls, a dread, 2 bags of meat and
2 crawling corpses.

Vanquished Creatures
  16 hell knights (D)
  Sigmund (D)
  17 hell beasts (D)
  Edmund (D)
  10 greater mummies (D)
  8 great orbs of eyes (D)
  14 wraiths (D)
  17 vampire knights (D)
  47 ogres (D)
  10 two-headed ogres (D)
  7 liches (D)
  11 hydras (D)
  104 orcs (D)
  6 phantoms (D)
  10 skeletal warriors (D)
  10 sea snakes (D)
  13 large abominations (D)
  9 small abominations (D)
  15 crawling corpses (D)
326 creatures vanquished.

Vanquished Creatures (others)
  An orc (D)
  4 crawling corpses (D)
5 creatures vanquished.

Grand Total: 331 creatures vanquished

Notes
Turn   | Place    | Note
-------+----------+-------------------------------------------
     0 | D        | Found the +∞ Axe of Woe
     0 | D        | Jannitor the Demonspawn Warper began the quest for the Orb.
     0 | D        | Reached XP level 1. HP: 16/16 MP: 3/3
     1 | D        | Noticed a bag of meat
     3 | D        | Became a worshipper of Makhleb the Destroyer
     3 | D        | Noticed a meat berserker
     6 | D        | Noticed a bag of meat
     6 | D        | Noticed a bag of meat
     6 | D        | Noticed a meat berserker
     6 | D        | Noticed a bag of meat
     6 | D        | Noticed a bag of meat
     6 | D        | Noticed a bag of meat
     8 | D        | Killed a meat berserker
     8 | D        | Gained mutation: You have a pair of small antennae on your
                  | head. [demonic ancestry]
     8 | D        | Reached XP level 2. HP: 42/42 MP: 3/16
     8 | D        | Gained mutation: You have a somewhat thin skeletal
                  | structure. (Dex +2, Stealth) [demonic ancestry]
     8 | D        | Reached XP level 3. HP: 48/48 MP: 3/17
     8 | D        | Gained mutation: You have a pair of antennae on your head.
                  | [demonic ancestry]
     8 | D        | Reached XP level 4. HP: 55/55 MP: 3/19
     8 | D        | Gained mutation: You are partially covered in sharp spines.
                  | [demonic ancestry]
     8 | D        | Reached XP level 5. HP: 61/61 MP: 3/20
     8 | D        | Gained mutation: You are slightly more attuned to the
                  | shadows. [demonic ancestry]
     8 | D        | Reached XP level 6. HP: 68/68 MP: 3/22
     8 | D        | Gained mutation: You are mostly covered in sharp spines.
                  | [demonic ancestry]
     8 | D        | Reached XP level 7. HP: 74/74 MP: 3/23
     8 | D        | Gained mutation: You have a moderately thin skeletal
                  | structure. (Dex +4, Stealth+) [demonic ancestry]
     8 | D        | Reached XP level 8. HP: 81/81 MP: 3/25
     8 | D        | Reached XP level 9. HP: 87/87 MP: 3/26
     8 | D        | Gained mutation: You are completely covered in sharp
                  | spines. [demonic ancestry]
     8 | D        | Reached XP level 10. HP: 94/94 MP: 3/27
     8 | D        | Reached XP level 11. HP: 100/100 MP: 3/28
     8 | D        | Reached XP level 12. HP: 107/107 MP: 3/29
     8 | D        | Reached XP level 13. HP: 113/113 MP: 3/30
     8 | D        | Noticed a bag of meat
     9 | D        | Killed a meat berserker
     9 | D        | Reached * piety under Makhleb
     9 | D        | Reached skill level 15 in Axes
     9 | D        | Reached skill level 15 in Throwing
     9 | D        | Reached skill level 15 in Armour
     9 | D        | Reached skill level 15 in Dodging
     9 | D        | Reached skill level 15 in Spellcasting
     9 | D        | Gained mutation: You have a pair of large antennae on your
                  | head. (SInv) [demonic ancestry]
     9 | D        | Reached XP level 14. HP: 83/126 MP: 3/33
     9 | D        | Killed a bag of meat
     9 | D        | Noticed a meat berserker
    10 | D        | Killed a bag of meat
    10 | D        | Gained mutation: You are significantly more attuned to the
                  | shadows. [demonic ancestry]
    10 | D        | Reached XP level 15. HP: 90/136 MP: 3/35
    11 | D        | Reached ** piety under Makhleb
    11 | D        | Noticed a meat berserker
    12 | D        | Gained mutation: You are completely attuned to the shadows.
                  | [demonic ancestry]
    12 | D        | Reached XP level 16. HP: 70/150 MP: 4/36
    12 | D        | Reached *** piety under Makhleb
    13 | D        | Killed a meat berserker
    13 | D        | Gained mutation: Your magical and physical power is
                  | slightly enhanced at high health. [demonic ancestry]
    13 | D        | Reached XP level 17. HP: 100/164 MP: 4/37
    14 | D        | Killed a meat berserker
    14 | D        | Reached **** piety under Makhleb
    17 | D        | Noticed a meat berserker
    19 | D        | Killed a meat berserker
    19 | D        | Reached XP level 18. HP: 179/179 MP: 5/38
    21 | D        | Noticed a meat berserker
    22 | D        | Noticed a meat berserker
    22 | D        | Noticed a large bag of meat
    23 | D        | Killed a meat berserker
    23 | D        | Reached skill level 27 in Fighting
    23 | D        | Noticed a large bag of meat
    24 | D        | Killed a meat berserker
    24 | D        | Reached XP level 19. HP: 189/189 MP: 7/39
    25 | D        | Reached ***** piety under Makhleb
    26 | D        | Reached skill level 27 in Axes
    26 | D        | Reached skill level 27 in Armour
    26 | D        | Reached skill level 27 in Dodging
    27 | D        | Noticed a meat berserker
    27 | D        | Noticed a meat berserker
    28 | D        | Noticed a meat berserker
    28 | D        | Noticed a meat berserker
    29 | D        | Killed a meat berserker
    29 | D        | Reached skill level 27 in Invocations
    29 | D        | Reached skill level 10 in Stealth
    29 | D        | Gained mutation: You have an unnaturally thin skeletal
                  | structure. (Dex +6, Stealth++) [demonic ancestry]
    29 | D        | Reached XP level 20. HP: 140/197 MP: 8/42
    29 | D        | Killed a large bag of meat
    29 | D        | Reached skill level 15 in Stealth
    30 | D        | Killed a meat berserker
    31 | D        | Killed a meat berserker
    31 | D        | Reached XP level 21. HP: 204/204 MP: 8/48
    31 | D        | Reached ****** piety under Makhleb
    31 | D        | Killed a large bag of meat
    31 | D        | Noticed a destroyer
    32 | D        | Gained mutation: Your magical and physical power is
                  | enhanced at high health. [demonic ancestry]
    32 | D        | Reached XP level 22. HP: 200/212 MP: 8/52
    33 | D        | Reached skill level 27 in Throwing
    33 | D        | Reached skill level 27 in Spellcasting
    34 | D        | Reached skill level 27 in Stealth
    34 | D        | Reached skill level 27 in Unarmed Combat
    36 | D        | Noticed a destroyer
    37 | D        | Reached XP level 23. HP: 219/219 MP: 10/54
    38 | D        | Killed a destroyer
    38 | D        | Killed a destroyer
    39 | D        | Reached XP level 24. HP: 227/227 MP: 10/54
    39 | D        | Noticed a destroyer
    42 | D        | Noticed a destroyer
    45 | D        | Killed a destroyer
    45 | D        | Gained mutation: Your magical and physical power is greatly
                  | enhanced at high health. [demonic ancestry]
    45 | D        | Reached XP level 25. HP: 234/234 MP: 12/54
    45 | D        | Killed a destroyer
    45 | D        | Noticed a tyrant
    49 | D        | Reached XP level 26. HP: 242/242 MP: 13/54
    50 | D        | Killed a tyrant
    54 | D        | Reached XP level 27. HP: 249/249 MP: 14/54
    55 | D        | Noticed a destroyer
    55 | D        | Noticed a large bag of meat
    57 | D        | Killed a destroyer
    57 | D        | Noticed a tyrant
    57 | D        | Noticed a destroyer
    58 | D        | Noticed a tyrant
    60 | D        | Killed a large bag of meat
    61 | D        | Killed a destroyer
    63 | D        | Killed a tyrant
    63 | D        | Noticed a destroyer
    64 | D        | Killed a tyrant
    67 | D        | Noticed a dread
    71 | D        | Noticed a meat beast
    73 | D        | Noticed a destroyer
    74 | D        | Killed a meat beast
    75 | D        | Killed a destroyer
    76 | D        | Noticed a meat beast
    78 | D        | Killed a destroyer
    83 | D        | Noticed a meat beast
    86 | D        | Noticed a large bag of meat
    87 | D        | Killed a meat beast
    91 | D        | Killed a large bag of meat
    95 | D        | Noticed a large bag of meat
    95 | D        | Killed a meat beast
    98 | D        | Killed a large bag of meat
   107 | D        | Noticed a tyrant
   108 | D        | Noticed an accursed
   108 | D        | Noticed a dread
   114 | D        | Killed a tyrant
   114 | D        | Killed a dread
   117 | D        | Noticed a dread
   118 | D        | Noticed a fleshlord
   120 | D        | Noticed a meat beast
   121 | D        | Noticed a large bag of meat
   123 | D        | Killed a meat beast
   124 | D        | Killed a fleshlord
   124 | D        | Noticed a fleshlord
   125 | D        | Killed a large bag of meat
   125 | D        | Killed a dread
   125 | D        | Noticed an accursed
   126 | D        | Noticed a fleshlord
   127 | D        | HP: 2/249 [accursed/divine providence (16)]
   129 | D        | Noticed a fleshlord
   129 | D        | Noticed an accursed
   130 | D        | Killed an accursed
   130 | D        | Killed a fleshlord
   131 | D        | Killed an accursed
   131 | D        | Killed a fleshlord
   131 | D        | Noticed a fleshlord
   133 | D        | Killed a fleshlord
   133 | D        | Noticed an accursed
   134 | D        | Killed an accursed
   134 | D        | Noticed a destroyer
   136 | D        | Killed a fleshlord
   138 | D        | Killed a destroyer
   138 | D        | Noticed a destroyer
   139 | D        | Killed an accursed
   141 | D        | Killed a destroyer
   145 | D        | Noticed a meat beast
   145 | D        | Noticed a dread
   146 | D        | Killed a meat beast
   146 | D        | Noticed an accursed
   147 | D        | Killed a dread
   148 | D        | Noticed a dread
   149 | D        | Noticed a destroyer
   149 | D        | Noticed a dread
   150 | D        | Noticed a meat beast
   150 | D        | Noticed an accursed
   151 | D        | Killed a dread
   152 | D        | Killed a meat beast
   152 | D        | Noticed a destroyer
   154 | D        | Killed an accursed
   154 | D        | Killed a destroyer
   155 | D        | Killed an accursed
   155 | D        | Noticed a fleshlord
   155 | D        | Noticed a meat beast
   156 | D        | Killed a destroyer
   158 | D        | Killed a meat beast
   158 | D        | Noticed an accursed
   158 | D        | Noticed a fleshlord
   159 | D        | Killed a fleshlord
   160 | D        | Noticed a meat beast
   161 | D        | Killed a dread
   161 | D        | Noticed a destroyer
   161 | D        | Noticed a fleshlord
   162 | D        | Killed a meat beast
   162 | D        | Killed a fleshlord
   164 | D        | Killed a destroyer
   164 | D        | Noticed a fleshlord
   164 | D        | Noticed a dread
   165 | D        | Killed an accursed
   166 | D        | Killed a fleshlord
   166 | D        | Noticed a meat beast
   167 | D        | Killed a dread
   168 | D        | Noticed a meat beast
   168 | D        | Noticed a meat beast
   168 | D        | Noticed a meat beast
   168 | D        | Noticed an accursed
   168 | D        | Noticed a tyrant
   169 | D        | Killed a fleshlord
   169 | D        | Killed a meat beast
   169 | D        | Noticed an accursed
   170 | D        | Noticed a fleshlord
   171 | D        | Killed a meat beast
   171 | D        | Killed a meat beast
   171 | D        | Killed a meat beast
   171 | D        | Noticed a dread
   172 | D        | Noticed a meat beast
   172 | D        | Killed an accursed
   172 | D        | Noticed a dread
   172 | D        | Noticed a dread
   173 | D        | Noticed a destroyer
   174 | D        | Killed a meat beast
   175 | D        | Killed a fleshlord
   175 | D        | HP: 1/240 [scourge/bolt of poison (59)]
   175 | D        | Noticed a dread
   176 | D        | Killed a dread
   176 | D        | Killed a dread
   178 | D        | Killed a dread
   178 | D        | Noticed The Defiler
   179 | D        | Killed a dread
   179 | D        | Killed an accursed
   179 | D        | Noticed a tyrant
   179 | D        | Noticed a meat beast
   180 | D        | Killed a tyrant
   181 | D        | Noticed The Captor
   182 | D        | Killed The Defiler
   182 | D        | Noticed a large bag of meat
   183 | D        | Killed a meat beast
   183 | D        | Killed a destroyer
   183 | D        | Noticed an accursed
   183 | D        | Noticed a dread
   184 | D        | Killed The Captor
   184 | D        | Killed a tyrant
   185 | D        | Noticed a large bag of meat
   186 | D        | Killed a large bag of meat
   186 | D        | Killed a dread
   186 | D        | Noticed a dread
   187 | D        | Noticed a dread
   188 | D        | Killed a large bag of meat
   189 | D        | Noticed a fleshlord
   189 | D        | Noticed a dread
   190 | D        | Killed a dread
   191 | D        | Noticed a meat beast
   192 | D        | Noticed a fleshlord
   193 | D        | Noticed a meat beast
   194 | D        | Noticed a fleshlord
   194 | D        | Noticed a destroyer
   194 | D        | Killed a meat beast
   194 | D        | Noticed a meat beast
   195 | D        | Killed a fleshlord
   195 | D        | Noticed a fleshlord
   196 | D        | Killed a meat beast
   197 | D        | Killed a meat beast
   197 | D        | Killed a fleshlord
   198 | D        | Noticed a fleshlord
   198 | D        | Noticed a large bag of meat
   199 | D        | Killed a fleshlord
   199 | D        | Killed a destroyer
   199 | D        | Killed a dread
   200 | D        | Noticed The Servant
   201 | D        | Killed an accursed
   201 | D        | Killed a fleshlord
   202 | D        | Noticed a destroyer
   203 | D        | Killed a dread
   204 | D        | Killed a large bag of meat
   204 | D        | Killed a fleshlord
   206 | D        | Killed a destroyer
   211 | D        | Noticed a large bag of meat
   211 | D        | Noticed a tyrant
   211 | D        | Noticed a large bag of meat
   211 | D        | Noticed a large bag of meat
   211 | D        | Noticed a fleshlord
   211 | D        | Noticed a fleshlord
   211 | D        | Noticed a fleshlord
   211 | D        | Killed a large bag of meat
   211 | D        | Noticed a destroyer
   211 | D        | Noticed a fleshlord
   212 | D        | Killed a tyrant
   214 | D        | Noticed a dread
   215 | D        | Killed a destroyer
   216 | D        | Noticed a fleshlord
   217 | D        | Killed a fleshlord
   219 | D        | Annihilated by a fleshlord

Skill      XL: |  1  2  3  4  5  6  7  8  9 10 11 12 13 14 15 16 17 18 19 20 21 22 |
---------------+-------------------------------------------------------------------+-----
Fighting       | 14 16 18 20 23 26 27 | 27.0
Axes           | 13 15 16 19 21 24 26 27 | 27.0
Throwing       | 13 15 16 18 23 26 27 | 27.0
Armour         | 12 15 16 19 21 24 26 27 | 27.0
Dodging        | 13 15 16 19 21 24 26 27 | 27.0
Spellcasting   | 13 15 16 18 23 26 27 | 27.0
Invocations    | 16 22 27 | 27.0
Stealth        | 10 20 24 27 | 27.0
Unarmed Combat | 9 18 22 27 | 27.0
Translocations | |  2.6

Action                   |  1- 3 |  4- 6 |  7- 9 | 10-12 | 13-15 | 16-18 | 19-21 | 22-24 | 25-27 || total
-------------------------+-------+-------+-------+-------+-------+-------+-------+-------+-------++-------
Melee: Executioner's axe |     1 |       |       |       |     4 |     5 |     6 |    10 |   133 ||   159
  Use: Potion            |       |       |       |       |       |       |       |       |     2 ||     2
       Scroll            |       |       |       |       |       |       |       |       |     1 ||     1
Armor: Leather armour    |       |       |       |       |       |       |       |       |     8 ||     8
Dodge: Dodged            |       |       |       |       |       |       |       |       |    31 ||    31
